Map: 2000 Atmospheres LE

Players

WutangBoogie - Winner!

  • Race: Terran Terran
  • League: Platinum

Executioner

  • Race: Protoss Protoss
  • League: Gold

VOD

Have the link to the VOD?

Description

Time

  • Played on: Jan. 30, 2022, 8:54 p.m.
  • Length: 17:11
Show
View Real Time Build Order
Export as new Build Order

WutangBoogie Terran - Winner!

Build Orders: Reaper Expand 

Get SALT Encoding   

  12  0:00  SCV  
  13  0:12  SCV  
  14  0:17  Supply Depot  
  14  0:24  SCV  
  15  0:39  SCV  
  15  0:40  Barracks  
  16  0:44  Refinery  
  16  0:51  SCV  
  17  1:04  SCV  
  18  1:16  SCV  
  19  1:26  Reaper  
  19  1:28  Orbital Command  
  20  1:45  Command Center  
  20  1:53  SCV  
  21  1:59  Marine  
  22  2:05  Supply Depot  
  22  2:15  SCV  
  22  2:21  Factory  
  23  2:24  Barracks Reactor  
  23  2:27  SCV  
  23  2:37  Bunker  
  23  2:41  SCV  
  24  2:53  SCV  
  25  3:01  Supply Depot, Orbital Command  
  25  3:04  Marine x2, Factory Tech Lab  
  27  3:09  Starport  
  27  3:11  SCV  
  28  3:15  Refinery  
  28  3:22  Marine x2  
  28  3:23  SCV  
  31  3:28  Supply Depot  
  31  3:35  SCV  
  31  3:36  SCV  
  33  3:44  Marine x2  
  33  3:47  SCV  
  36  3:48  SCV  
  37  3:58  Siege Tank  
  37  3:59  Starport Reactor  
  37  4:00  SCV  
  37  4:01  SCV  
  42  4:04  Supply Depot  
  42  4:05  Marine  
  43  4:13  SCV x2  
  45  4:17  Marine  
  46  4:24  Marine  
  46  4:25  SCV x2  
  49  4:35  Supply Depot  
  49  4:37  SCV x2  
  51  4:38  Marine  
  51  4:39  Supply Depot, Siege Tank  
  51  4:41  Medivac  
  57  4:51  SCV x2  
  58  5:03  SCV  
  58  5:04  Supply Depot, SCV  
  58  5:05  Marine x2  
  58  5:07  Liberator  
  62  5:14  Refinery  
  65  5:15  SCV  
  65  5:16  SCV  
  65  5:20  Command Center  
  67  5:23  Marine x2  
  67  5:28  Supply Depot, SCV x2  
  71  5:32  Engineering Bay  
  71  5:34  Engineering Bay  
  71  5:36  Barracks  
  71  5:40  SCV x2  
  73  5:44  Refinery  
  73  5:48  Marine x2  
  73  5:49  Medivac  
  77  5:52  SCV x2  
  79  6:07  Marine x2  
  79  6:08  Siege Tank  
  84  6:12  SCV  
  84  6:13  SCV  
  86  6:20  Terran Infantry Weapons Level 1, Terran Infantry Armor Level 1  
  86  6:24  Barracks Tech Lab  
  86  6:27  Barracks  
  86  6:46  Marine x3  
  88  6:47  Medivac, Siege Tank  
  88  6:48  Medivac  
  88  7:04  Marine x2  
  87  7:18  SCV  
  87  7:19  SCV  
  87  7:20  Marine  
  87  7:21  Siege Tank  
  87  7:22  Marine, Medivac x2  
  96  7:30  Marine  
  96  7:31  SCV x2  
  96  7:35  Orbital Command  
  99  7:41  Marine x2  
  99  7:43  SCV x2  
  103  7:49  Supply Depot  
  103  7:53  Supply Depot  
  103  7:55  Marine, Supply Depot, SCV x2  
  103  7:56  Siege Tank  
  103  7:57  Medivac, Viking  
  113  7:59  Marine  
  113  8:03  Marine  
  115  8:06  Stimpack  
  115  8:07  SCV x2  
  112  8:13  Marine, SCV  
  112  8:16  Barracks Reactor, Marine  
  112  8:19  SCV x2  
  112  8:22  Refinery  
  112  8:24  Refinery  
  112  8:25  SCV  
  85  8:44  Marine x3  
  88  8:49  SCV x3  
  91  9:02  SCV x3  
  94  9:11  Marine, Supply Depot  
  94  9:12  Marine x3, Marauder  
  94  9:13  Supply Depot  
  94  9:14  SCV x2  
  94  9:15  SCV  
  94  9:16  Armory  
  103  9:20  Command Center  
  103  9:26  SCV x2  
  103  9:27  Barracks  
  105  9:33  Barracks x3  
  105  9:36  Barracks  
  105  9:38  Marine x4  
  106  9:39  Marauder  
  106  9:40  Siege Tank  
  106  9:41  Medivac, Viking  
  106  9:45  Factory  
  118  9:46  Starport  
  118  9:54  SCV x2  
  118  9:55  SCV  
  121  10:04  Armory  
  121  10:06  SCV x2  
  121  10:07  Terran Infantry Weapons Level 2, Terran Infantry Armor Level 2, SCV  
  124  10:09  Terran Vehicle Weapons Level 1  
  124  10:18  SCV  
  124  10:19  SCV x2  
  127  10:22  Marine x2  
  127  10:23  Barracks Reactor x2, Barracks Tech Lab x2  
  129  10:30  SCV  
  129  10:31  SCV x2  
  132  10:36  Barracks Tech Lab  
  132  10:37  Marine  
  132  10:38  Marauder  
  132  10:39  Factory Tech Lab  
  132  10:41  Starport Reactor  
  135  10:42  Viking  
  135  10:43  Viking, SCV x3  
  135  10:44  Marauder  
  135  10:45  Marine x2, Marauder  
  148  10:56  Marine x2  
  150  10:57  Siege Tank  
  150  10:58  Siege Tank  
  150  11:01  Terran Vehicle And Ship Armor Level 1  
  150  11:04  Marine x4  
  160  11:19  Combat Shield, Concussive Shells  
  160  11:20  Marine x8  
  168  11:27  Viking  
  170  11:33  SCV x2  
  170  11:38  Supply Depot  
  172  11:43  Supply Depot  
  172  11:44  Planetary Fortress  
  172  11:47  Missile Turret  
  172  11:51  Sensor Tower  
  172  11:59  Marine x3  
  172  12:00  Marauder, SCV x2  
  179  12:03  Marine  
  179  12:04  Marine x7  
  187  12:16  Command Center  
  187  12:18  Marine  
  188  12:51  Marine x2  
  188  12:52  Marine  
  188  12:55  Marine x3  
  188  12:56  Marauder x2  
  188  12:57  Marauder x2, Siege Tank  
  169  13:00  Marine x2  
  169  13:02  Viking  
  161  13:08  Marine  
  157  13:18  Marine x2  
  157  13:19  Marine  
  157  13:22  Marine x2  
  157  13:23  Marine x2  
  157  13:24  Marauder  
  157  13:25  Marauder  
  157  13:26  Marine, Marauder  
  141  13:36  Marine x2  
  141  13:37  Marine  
  141  13:40  Marine x2  
  141  13:41  Marine x2  
  140  13:44  Marine  
  140  13:45  Marine x2  
  140  13:47  Marine  
  142  13:50  Viking x3  
  142  13:51  Factory Tech Lab  
  142  13:53  Marine x2  
  142  13:55  Marine  
  151  13:58  Marine x2  
  151  13:59  Marine  
  154  14:10  SCV  
  154  14:11  SCV x2  
  154  14:12  Marine  
  154  14:14  Marine, Refinery  
  154  14:15  Refinery, Marauder x2  
  154  14:16  Marauder x2  
  167  14:17  Siege Tank  
  167  14:23  SCV  
  171  14:30  Terran Vehicle Weapons Level 2  
  171  14:34  Engineering Bay  
  171  14:39  Engineering Bay  
  171  14:47  Supply Depot x2  
  171  14:50  Supply Depot x2  
  171  14:53  Marauder  
  171  14:54  Marauder x2  
  171  14:55  Marauder, Siege Tank  
  165  15:03  Marine  
  165  15:04  Marine  
  165  15:05  Marine x5  
  161  15:15  Marauder x2  
  161  15:16  Marauder x2  
  161  15:17  SCV x3  
  172  15:21  Marine  
  172  15:22  Marine x6  
  168  15:36  Marine x2, Medivac, Marauder, Viking x3  
  168  15:37  Marine, Siege Tank x2  
  168  15:39  Marine  
  168  15:40  Marine x6, SCV  
  191  15:54  Marine x2  
  181  16:09  Siege Tank  
  184  16:12  Marine x8  
  184  16:13  Marauder x3  
  193  16:22  Medivac  
  193  16:23  Medivac  
  195  16:29  Marine  
  195  16:30  Marine x2  
  195  16:31  Marauder  
  199  16:34  Marauder  
Show
View Real Time Build Order
Export as new Build Order

Executioner Protoss 

Build Orders: Blink Stalkers 

Get SALT Encoding   

  12  0:00  Probe  
  13  0:12  Probe  
  14  0:19  Pylon  
  14  0:24  Probe  
  15  0:37  Probe (Chrono Boost)  
  15  0:38  Gateway  
  16  0:44  Assimilator  
  16  0:49  Probe (Chrono Boost)  
  18  0:57  Probe (Chrono Boost)  
  18  1:03  Probe  
  19  1:15  Probe (Chrono Boost)  
  21  1:27  Probe (Chrono Boost), Cybernetics Core  
  21  1:31  Probe (Chrono Boost)  
  21  1:35  Pylon  
  22  1:40  Assimilator  
  22  1:42  Probe  
  23  1:54  Probe  
  23  2:10  Adept (Chrono Boost)  
  25  2:15  Nexus  
  25  2:27  Twilight Council  
  25  2:28  Warp Gate  
  25  2:37  Adept (Chrono Boost)  
  25  2:41  Gateway  
  27  3:01  Blink (Chrono Boost)  
  27  3:06  Gateway  
  27  3:11  Stalker  
  29  3:17  Probe  
  30  3:31  Probe (Chrono Boost)  
  30  3:32  Pylon  
  31  3:35  Probe (Chrono Boost)  
  32  3:44  Stalker  
  32  3:45  Probe (Chrono Boost)  
  35  3:50  Probe (Chrono Boost)  
  36  4:03  Probe  
  36  4:07  Stalker  
  39  4:14  Stalker  
  39  4:15  Probe  
  42  4:17  Forge  
  42  4:22  Assimilator  
  42  4:27  Probe (Chrono Boost)  
  43  4:37  Probe (Chrono Boost)  
  45  4:39  Probe (Chrono Boost)  
  45  4:41  Shield Battery  
  46  4:46  Probe (Chrono Boost)  
  46  4:47  Probe (Chrono Boost)  
  47  4:54  Probe  
  46  5:05  Charge (Chrono Boost)  
  46  5:07  Robotics Facility  
  46  5:10  Probe x2  
  46  5:13  Nexus  
  48  5:17  Pylon  
  48  5:18  Stalker  
  48  5:19  Stalker  
  52  5:22  Probe x2  
  52  5:24  Pylon  
  54  5:33  Protoss Ground Weapons Level 1 (Chrono Boost), Pylon  
  54  5:41  Zealot  
  56  5:48  Zealot x2  
  60  5:56  Warp Prism  
  62  5:58  Pylon  
  62  6:14  Gateway  
  62  6:16  Gateway  
  62  6:20  Photon Cannon  
  62  6:21  Zealot x2  
  66  6:27  Probe (Chrono Boost)  
  68  6:36  Probe x2 (Chrono Boost), Assimilator  
  68  6:41  Probe (Chrono Boost)  
  68  6:42  Probe  
  68  6:43  Stalker x2  
  72  7:10  Stalker x3  
  78  7:20  Probe  
  79  7:29  Probe  
  80  7:32  Probe  
  80  7:36  Stalker x3  
  80  7:37  Stalker x2  
  89  7:41  Probe  
  89  7:44  Probe  
  93  7:56  Probe  
  94  8:07  Zealot x3  
  94  8:08  Zealot  
  78  8:50  Robotics Bay  
  78  8:55  Probe (Chrono Boost), Robotics Facility  
  79  8:57  Gateway  
  79  8:58  Gateway  
  79  9:00  Gateway  
  75  9:04  Probe (Chrono Boost)  
  75  9:05  Zealot x4  
  75  9:06  Zealot  
  75  9:09  Probe (Chrono Boost)  
  86  9:11  Dark Shrine  
  87  9:21  Probe  
  88  9:25  Photon Cannon  
  88  9:26  Photon Cannon  
  88  9:27  Stalker x3  
  88  9:28  Stalker x2, Pylon  
  98  9:33  Probe  
  98  9:37  Extended Thermal Lance  
  99  9:45  Probe, Colossus (Chrono Boost)  
  100  9:47  Protoss Ground Weapons Level 2 (Chrono Boost)  
  100  9:49  Forge  
  106  9:53  Assimilator  
  106  9:55  Probe  
  106  9:58  Assimilator  
  107  10:07  Probe  
  107  10:08  Nexus  
  107  10:09  Pylon  
  108  10:14  Pylon  
  108  10:16  Pylon  
  108  10:17  Pylon  
  108  10:20  Probe (Chrono Boost)  
  109  10:27  Pylon  
  109  10:30  Probe (Chrono Boost), Pylon  
  109  10:31  Colossus (Chrono Boost)  
  109  10:35  Protoss Ground Armor Level 1 (Chrono Boost), Pylon  
  116  10:36  Colossus (Chrono Boost)  
  116  10:39  Probe (Chrono Boost)  
  123  10:44  Probe (Chrono Boost)  
  124  10:56  Probe, Stalker x2  
  129  10:57  Stalker  
  131  11:14  Colossus (Chrono Boost)  
  131  11:16  Probe x2  
  139  11:20  Colossus (Chrono Boost)  
  139  11:21  Photon Cannon  
  139  11:23  Photon Cannon  
  139  11:24  Photon Cannon  
  145  11:27  Pylon  
  145  11:28  Probe x2  
  147  11:40  Probe x2  
  147  11:43  Photon Cannon  
  147  11:44  Photon Cannon  
  149  11:48  Photon Cannon  
  149  11:50  Photon Cannon  
  149  11:51  Photon Cannon  
  149  11:52  Pylon  
  149  11:54  Probe (Chrono Boost), Photon Cannon  
  150  12:00  Colossus (Chrono Boost)  
  150  12:03  Probe (Chrono Boost)  
  163  12:08  Probe (Chrono Boost)  
  163  12:13  Colossus (Chrono Boost)  
  164  12:16  Gravitic Boosters  
  164  12:20  Probe  
  164  12:21  Protoss Ground Weapons Level 3 (Chrono Boost)  
  165  12:35  Gateway  
  165  12:36  Gateway  
  165  12:38  Gateway  
  165  12:40  Dark Templar x4  
  165  12:41  Dark Templar  
  175  12:47  Observer  
  175  12:55  Zealot x3  
  155  13:00  Observer  
  128  13:18  Nexus  
  128  13:20  Stalker x3  
  128  13:21  Stalker x5  
  127  13:54  Stalker x5  
  127  13:55  Stalker x4  
  143  14:10  Zealot x2  
  147  14:24  Protoss Ground Armor Level 2  
  147  14:26  Gateway  
  147  14:27  Gateway  
  147  14:29  Zealot x4  
  147  14:30  Zealot x6  
  147  14:31  Gateway  
  96  15:15  Colossus x2  
  96  15:20  Probe (Chrono Boost)  
  86  15:30  Probe (Chrono Boost)  
  86  15:34  Zealot  
  86  15:35  Probe (Chrono Boost), Zealot x2  
  91  15:36  Dark Templar x2  
  91  15:37  Dark Templar  
  86  16:02  Zealot x6  
  86  16:03  Zealot x2  
  98  16:08  Colossus  
  98  16:09  Colossus  
  94  16:24  Zealot x3  
  94  16:25  Zealot x2  
Tags
 
Add a new tag
Caveats
  • Supply blocks, unpowered buildings, or Contaminate may cause inaccurate times.
  • Supply counts are checked every 10 seconds.